 Dungeon Sprint DCSS version 0.28.0-53-g5a82cb258f (webtiles) character file.

Game seed: 10193706859517017895

91 Zeld the Destroyer (level 4, 24/24 HPs)
             Began as a Deep Elf Conjurer on May 29, 2022.
             Quit the game in the Dungeon (Sprint IV: "Fedhas' Mad Dash").
             The game lasted 00:00:57 (723 turns).

Zeld the Destroyer (Deep Elf Conjurer)               Turns: 723, Time: 00:00:58

Health: 24/24      AC:  2    Str:  4    XL:     4   Next: 34%
Magic:  13/13      EV: 12    Int: 25    God:
Gold:   64         SH:  0    Dex: 13    Spells: 2/13 levels left

rFire   . . .      SeeInvis .   (no weapon)
rCold   . . .      Faith    .   (no shield)
rNeg    . . .      Spirit   .   a - +0 robe
rPois   .          Reflect  .   (no helmet)
rElec   .          Harm     .   (no cloak)
rCorr   .          Rampage  .   (no gloves)
Will    .....      NoTele   +   (no boots)
Stlth   ++........              (no amulet)
HPRegen 0.08/turn               (no ring)
MPRegen 0.13/turn               (no ring)

@: no status effects
A: no striking features
a: no special abilities


You were in the Dungeon.
You visited 1 branch You collected 64 gold pieces.

Inventory:

Armour
 a - a +0 robe (worn)
Jewellery
 i - the amulet of invisibility {+Inv}
   (You found it in the Dungeon)

   [amulet of nothing]

   +Inv:      It lets you turn invisible.
Scrolls
 g - a scroll of blinking
 h - a scroll of holy word {unknown}
Potions
 b - a potion of curing
 c - a potion of heal wounds
 d - a potion of haste
 e - 2 potions of magic
 f - a potion of berserk rage


   Skills:
 - Level 2.4 Dodging
 - Level 2.4 Stealth
 - Level 0.2 Unarmed Combat
 * Level 5.0 Spellcasting
 * Level 9.9 Conjurations


You had 2 spell levels left.
You knew the following spells:

 Your Spells              Type           Power      Damage    Failure   Level
a - Magic Dart            Conj           100%       1d8       1%          1
b - Searing Ray           Conj           100%       2d8       1%          2
c - Fulminant Prism       Conj/Hex       15%        3d11      11%         4
d - Iskenderun's Mystic   Conj/Tloc      31%        2d8       11%         4

Your spell library contained the following spells:

 Spells                   Type           Power      Damage    Failure   Level
 Dazzling Flash           Conj/Hex       62%        N/A       3%          3


Dungeon Overview and Level Annotations

Branches:
Dungeon (1/1)

Altars:
Cheibriados
Gozag
Hepliaklqana
Makhleb
Nemelex Xobeh
Ru
Sif Muna
Xom
Yredelemnul
Beogh


Message History

The searing ray hits the scorpion.
You kill the scorpion!
You finish channelling your searing ray.
Your Spellcasting skill increases to level 5!
Your Conjurations skill gained 2 levels and is now at level 9!
You have reached level 4!
You feel clever.
Unknown command.
You now have 15 gold pieces.
You now have 29 gold pieces (gained 14).
You now have 45 gold pieces (gained 16).
Things that are here:
23 stones; a scorpion corpse
i - the amulet of invisibility {+Inv}
Things that are here:
23 stones; a scorpion corpse This spell is extremely dangerous to cast!
Memorise Fulminant Prism, consuming 4 spell levels and leaving 6?
You start memorising the spell.
You continue memorising. x4
You finish memorising.
Spell assigned to 'c'.
This spell is extremely dangerous to cast!
Memorise Iskenderun's Mystic Blast, consuming 4 spell levels and leaving 2?
You start memorising the spell.
You continue memorising. x4
You finish memorising.
Spell assigned to 'd'.
Unknown command.
Are you sure you want to abandon this character and quit the game? (Confirm with "yes".)
Okay, then.
You see here a +0 dagger.
You now have 64 gold pieces (gained 19).
Search for what [? for help]? armor You see here a +0 dagger.
You start resting.
Magic restored.
You open the door.
Found four altars.
Found six altars.
Sorry, you're not good enough to have a special ability.
Unknown command.
Okay, then.
Are you sure you want to abandon this character and quit the game? (Confirm with "yes".)

########################
#<...#.....#.....#.⌠._._
#.P..'.....'.#()@'.._._.
#P...#.....#.#...#..._._
###############+## ._._.
._._ ###


There were no monsters in sight!

Vanquished Creatures
  A scorpion (D)
  An oklob sapling (D)
  A river rat (D)
  A rat (D)
4 creatures vanquished.

Vanquished Creatures (others)
  5 fungi (D)
5 creatures vanquished.

Grand Total: 9 creatures vanquished

Notes
Turn   | Place    | Note
-------+----------+-------------------------------------------
     0 | D        | Zeld the Deep Elf Conjurer began the quest for the Orb.
     0 | D        | Reached XP level 1. HP: 10/10 MP: 6/6
    17 | D        | Reached skill level 6 in Conjurations
    17 | D        | Reached XP level 2. HP: 15/15 MP: 0/8
    88 | D        | Learned a level 2 spell: Searing Ray
    93 | D        | Noticed an oklob sapling
   469 | D        | Killed an oklob sapling
   470 | D        | Reached skill level 7 in Conjurations
   470 | D        | Reached XP level 3. HP: 19/19 MP: 6/10
   658 | D        | Noticed a scorpion
   658 | D        | Found the amulet of invisibility {+Inv}
   662 | D        | Killed a scorpion
   663 | D        | Reached skill level 5 in Spellcasting
   663 | D        | Reached skill level 9 in Conjurations
   663 | D        | Reached XP level 4. HP: 24/24 MP: 5/13
   681 | D        | Learned a level 4 spell: Fulminant Prism
   686 | D        | Learned a level 4 spell: Iskenderun's Mystic Blast
   721 | D        | Found an opulent altar of Gozag.
   721 | D        | Found a hazy altar of Hepliaklqana.
   721 | D        | Found a snail-covered altar of Cheibriados.
   722 | D        | Found a burning altar of Makhleb.
   722 | D        | Found a sparkling altar of Nemelex Xobeh.
   722 | D        | Found a sacrificial altar of Ru.
   722 | D        | Found a shimmering blue altar of Sif Muna.
   722 | D        | Found a shimmering altar of Xom.
   722 | D        | Found a basalt altar of Yredelemnul.
   723 | D        | Quit the game

Illustrated notes

Levels and vault maps discovered:
D:        dungeon_sprint_fedhas [sprint_temple]

Skill      XL: |  1  2  3 |
---------------+----------+-----
Conjurations   | 6 7 9 |  9.9
Spellcasting   | 4 5 |  5.0
Dodging        | |  2.4
Stealth        | |  2.4
Unarmed Combat | |  0.2

Action                   |  1- 3 |  4- 6 || total
-------------------------+-------+-------++-------
Melee: Unarmed           |    10 |       ||    10
       Punch             |     2 |       ||     2
 Cast: Magic Dart        |     6 |       ||     6
       Searing Ray       |     2 |       ||     2
Dodge: Dodged            |     7 |       ||     7
